Map: Wirbelwind LE (Void)

Players

Rick

  • Race: Protoss Protoss
  • League: Silver
  • Spawn Location: 1:00

Emmzo - Winner!

  • Race: Protoss Protoss
  • League: Platinum
  • Spawn Location: 11:00

VOD

Have the link to the VOD?

Description

Time

  • Played on: Jan. 15, 2017, 2:03 p.m.
  • Length: 15:38
Show
View Real Time Build Order
Export as new Build Order

Rick Protoss 

Build Orders:  

Get SALT Encoding   

  12  0:02  Probe (Chrono Boost)  
  13  0:18  Probe (Chrono Boost)  
  13  0:20  Pylon  
  14  0:29  Probe (Chrono Boost)  
  15  0:40  Gateway  
  15  0:41  Probe (Chrono Boost)  
  16  0:47  Assimilator  
  16  0:52  Probe (Chrono Boost)  
  16  0:55  Assimilator  
  17  1:04  Probe (Chrono Boost)  
  18  1:13  Gateway  
  18  1:16  Probe (Chrono Boost)  
  19  1:29  Cybernetics Core  
  19  1:32  Probe (Chrono Boost)  
  20  1:43  Probe (Chrono Boost)  
  21  1:53  Pylon  
  21  2:00  Pylon  
  21  2:10  Stalker  
  21  2:11  Stalker  
  25  2:18  Warp Gate  
  25  2:19  Probe (Chrono Boost)  
  26  2:30  Probe (Chrono Boost)  
  27  2:41  Mothership Core (Chrono Boost)  
  29  3:01  Nexus  
  29  3:11  Probe (Chrono Boost)  
  30  3:18  Stalker x2  
  34  3:28  Pylon  
  34  4:02  Gateway  
  34  4:16  Twilight Council  
  34  4:18  Probe x2 (Chrono Boost)  
  36  4:27  Robotics Facility  
  36  4:28  Probe x2 (Chrono Boost), Protoss Air Weapons Level 1  
  38  4:39  Probe x2 (Chrono Boost)  
  40  4:54  Pylon  
  40  4:56  Blink  
  40  5:04  Probe x2 (Chrono Boost)  
  42  5:10  Assimilator  
  42  5:17  Sentry x2  
  46  5:22  Stalker  
  48  5:30  Observer  
  49  5:40  Stargate  
  49  5:51  Pylon, Observer  
  49  5:52  Probe x2 (Chrono Boost)  
  52  6:02  Assimilator  
  52  6:03  Probe x2 (Chrono Boost)  
  54  6:13  Probe (Chrono Boost)  
  54  6:14  Probe (Chrono Boost)  
  56  6:37  Stargate  
  56  6:44  Void Ray  
  60  6:50  Probe x2 (Chrono Boost)  
  62  6:57  Stalker x3  
  62  7:00  Probe x2 (Chrono Boost), Immortal  
  74  7:27  Void Ray  
  78  8:18  Pylon  
  78  8:22  Pylon  
  78  8:28  Pylon  
  78  8:37  Immortal  
  82  8:42  Void Ray x2  
  90  8:58  Nexus, Protoss Air Armor Level 1  
  90  9:19  Void Ray x2  
  98  9:37  Immortal  
  102  9:46  Pylon  
  102  9:50  Pylon  
  102  9:54  Pylon  
  102  9:59  Void Ray x2  
  110  10:13  Pylon  
  110  10:16  Immortal  
  110  10:17  Probe x2 (Chrono Boost), Pylon  
  118  10:29  Probe x2 (Chrono Boost)  
  118  10:31  Assimilator  
  118  10:36  Assimilator  
  118  10:43  Fleet Beacon  
  118  10:44  Void Ray x2  
  132  11:47  Stalker  
  132  11:48  Stalker x2  
  132  11:50  Protoss Air Weapons Level 2  
  132  11:53  Immortal  
  142  11:55  Forge  
  142  12:03  Carrier  
  142  12:04  Carrier  
  154  12:39  Immortal  
  101  13:44  Stalker x2  
  101  13:45  Stalker  
  107  14:08  Gateway  
  107  14:10  Gateway  
  107  14:14  Nexus  
  107  14:20  Stargate  
  107  14:21  Stargate  
  107  14:29  Immortal  
  87  15:28  Stalker x2  
  77  15:29  Stalker  
Show
View Real Time Build Order
Export as new Build Order

Emmzo Protoss - Winner!

Build Orders:  

Get SALT Encoding   

  12  0:02  Probe (Chrono Boost)  
  13  0:12  Probe (Chrono Boost)  
  14  0:18  Pylon  
  14  0:23  Probe (Chrono Boost)  
  15  0:36  Probe (Chrono Boost)  
  15  0:37  Gateway  
  16  0:45  Assimilator  
  16  0:47  Probe (Chrono Boost)  
  17  0:54  Assimilator  
  17  0:58  Probe (Chrono Boost)  
  18  1:08  Probe (Chrono Boost)  
  19  1:15  Gateway  
  19  1:19  Probe (Chrono Boost)  
  20  1:29  Probe (Chrono Boost), Cybernetics Core  
  21  1:40  Probe (Chrono Boost), Pylon  
  22  1:57  Warp Gate  
  23  2:05  Adept  
  23  2:06  Adept  
  28  2:09  Mothership Core (Chrono Boost)  
  28  2:16  Pylon  
  28  2:27  Probe (Chrono Boost)  
  29  2:35  Stalker  
  29  2:36  Stalker  
  33  3:06  Sentry  
  33  3:07  Nexus  
  33  3:12  Probe (Chrono Boost)  
  36  3:25  Probe (Chrono Boost), Robotics Facility  
  37  3:37  Probe (Chrono Boost)  
  39  3:49  Probe (Chrono Boost)  
  39  3:52  Pylon  
  39  3:58  Twilight Council  
  39  4:12  Stalker x2, Probe (Chrono Boost)  
  39  4:13  Observer  
  45  4:18  Blink  
  45  4:20  Probe (Chrono Boost)  
  47  4:24  Probe (Chrono Boost)  
  47  4:30  Probe (Chrono Boost)  
  48  4:36  Probe (Chrono Boost)  
  49  4:41  Probe (Chrono Boost)  
  49  4:44  Immortal  
  54  4:52  Probe (Chrono Boost)  
  55  4:53  Probe (Chrono Boost)  
  55  4:55  Stalker  
  58  5:04  Probe (Chrono Boost)  
  58  5:05  Probe (Chrono Boost)  
  58  5:06  Gateway  
  60  5:12  Pylon  
  60  5:16  Probe (Chrono Boost)  
  61  5:22  Probe (Chrono Boost)  
  62  5:30  Observer  
  62  5:32  Probe (Chrono Boost), Assimilator  
  62  5:34  Pylon  
  64  5:36  Stalker x2  
  68  5:48  Probe (Chrono Boost)  
  68  5:49  Probe (Chrono Boost)  
  70  5:52  Forge, Immortal  
  70  5:56  Pylon  
  74  5:58  Probe (Chrono Boost)  
  74  6:03  Assimilator  
  75  6:05  Gateway  
  75  6:07  Gateway  
  75  6:09  Probe (Chrono Boost)  
  76  6:12  Probe (Chrono Boost)  
  76  6:14  Protoss Ground Weapons Level 1  
  77  6:23  Probe (Chrono Boost)  
  78  6:25  Stalker  
  78  6:26  Stalker x2  
  84  6:52  Nexus  
  84  6:53  Pylon  
  84  6:57  Pylon  
  84  7:15  Probe (Chrono Boost)  
  85  7:17  Pylon, Photon Cannon  
  85  7:18  Photon Cannon  
  85  7:49  Stalker  
  85  7:50  Stalker  
  89  7:55  Probe (Chrono Boost)  
  89  7:56  Probe (Chrono Boost)  
  91  8:03  Robotics Bay  
  91  8:09  Probe x2 (Chrono Boost)  
  91  8:10  Probe (Chrono Boost)  
  94  8:13  Stalker x4  
  94  8:14  Stalker  
  94  8:19  Protoss Ground Weapons Level 2  
  105  8:20  Probe x2 (Chrono Boost)  
  105  8:21  Probe (Chrono Boost)  
  105  8:24  Assimilator  
  105  8:26  Assimilator  
  107  8:31  Probe x2 (Chrono Boost)  
  107  8:32  Photon Cannon  
  107  8:33  Probe (Chrono Boost)  
  109  8:35  Immortal  
  109  8:39  Stalker x2  
  109  8:40  Stalker  
  119  8:56  Probe (Chrono Boost)  
  119  8:58  Probe (Chrono Boost)  
  119  9:00  Stalker  
  119  9:01  Stalker  
  125  9:12  Pylon x2  
  125  9:13  Pylon  
  125  9:17  Gateway  
  125  9:22  Gateway x2  
  125  9:25  Disruptor  
  125  9:30  Probe x2 (Chrono Boost)  
  131  9:31  Probe (Chrono Boost)  
  131  9:33  Pylon  
  131  9:35  Pylon  
  131  9:37  Pylon  
  131  9:40  Probe x2 (Chrono Boost)  
  131  9:43  Probe (Chrono Boost)  
  134  9:47  Stalker x2  
  134  9:48  Stalker x3  
  134  9:51  Probe x2 (Chrono Boost)  
  146  9:56  Probe (Chrono Boost), Disruptor  
  147  10:02  Probe (Chrono Boost)  
  147  10:03  Probe (Chrono Boost)  
  153  10:08  Probe (Chrono Boost)  
  153  10:13  Probe (Chrono Boost)  
  154  10:29  Observer Gravitic Boosters, Disruptor  
  154  10:30  Protoss Ground Armor Level 1  
  157  10:41  Robotics Facility  
  157  10:47  Probe x2 (Chrono Boost)  
  157  10:48  Nexus  
  157  10:49  Probe (Chrono Boost)  
  160  10:50  Pylon  
  160  10:51  Pylon  
  160  10:52  Pylon  
  160  10:58  Stargate  
  160  11:00  Disruptor  
  163  11:27  Probe (Chrono Boost)  
  163  11:28  Probe (Chrono Boost)  
  163  11:29  Probe (Chrono Boost)  
  166  11:40  Disruptor  
  166  11:41  Disruptor  
  172  11:54  Fleet Beacon  
  172  11:56  Fleet Beacon  
  172  11:59  Stargate  
  172  12:00  Stargate  
  172  12:17  Stalker x5  
  172  12:18  Stalker x3  
  188  12:38  Stargate  
  188  12:43  Stargate  
  178  13:15  Disruptor x2  
  178  13:18  Tempest x2  
  186  13:34  Tempest  
  180  13:39  Stalker x5  
  180  13:40  Stalker  
  198  13:58  Assimilator  
  198  13:59  Assimilator  
  198  14:05  Stargate  
  198  14:08  Stargate  
  198  14:15  Nexus, Assimilator  
  198  14:18  Assimilator  
  198  14:39  Templar Archives  
  196  14:50  Tempest  
Tags
 
Add a new tag
Caveats
  • Supply blocks, unpowered buildings, or Contaminate may cause inaccurate times.
  • Supply counts are checked every 10 seconds.